 Dungeon Crawl Stone Soup version 0.30.1-4-g462c640d31 (webtiles) character file.

Game seed: 14133784134457820097

1373 boopmooplesden the Slasher (level 8, -1/106 HPs)
             Began as an Armataur Berserker on Aug 17, 2023.
             Was a Priest of Trog.
             Slain by a black bear (5 damage)
             ... on level 5 of the Dungeon.
             The game lasted 00:05:31 (3389 turns).

boopmooplesden the Slasher (Armataur Berserker)     Turns: 3389, Time: 00:05:32

Health: -1/106     AC:  0    Str: 25    XL:     8   Next: 39%
Magic:  8/8        EV:  9    Int:  7    God:    Trog [***...]
Gold:   159        SH:  0    Dex: 10    Spells: 7/7 levels left

rFire   . . .        a - +1 falchion
rCold   . . .        (no shield)
rNeg    . . .        f - +0 ring mail
rPois   .            n - +2 hat
rElec   .            (no cloak)
rCorr   +            (no gloves)
SInv    .            (no barding)
Will    .....        (no amulet) Stlth
                     e - ring of resist corrosion
HPRegen 0.37/turn    (no ring)
MPRegen 0.11/turn

%: roll
@: berserking, corroded, very quick
A: large, rugged brown scales 3, deformed body, armoured tail, roll, long
tongue, awkward tongue
a: Renounce Religion, Berserk, Trog's Hand


You were on level 5 of the Dungeon.
You worshipped Trog.
Trog was most pleased with you.
You visited 1 branch of the dungeon, and saw 5 of its levels.

You collected 159 gold pieces.

Inventory:

Hand Weapons
 a - a +1 falchion (weapon)
Armour
 b - a +0 animal skin
 f - a +0 ring mail (worn)
 n - a +2 hat (worn)
Jewellery
 e - a ring of resist corrosion (left hand)
Wands
 o - a wand of roots (7)
Scrolls
 l - 4 scrolls of identify
 r - a scroll of amnesia {unknown}
Potions
 c - 3 potions of attraction
 d - 3 potions of haste {unknown}
 g - a potion of flight {unknown}
 h - 2 potions of cancellation {unknown}
 i - 4 potions of brilliance {unknown}
 j - a potion of berserk rage {unknown}
 k - 2 potions of curing {unknown}
 m - a potion of lignification {unknown}
 q - a potion of heal wounds {unknown}


   Skills:
 + Level 4.8 Fighting
 + Level 7.1 Long Blades
 + Level 6.2 Armour
 + Level 2.6 Dodging
 + Level 1.6 Stealth


You had 7 spell levels left.
You didn't know any spells.
Your spell library was empty.

Dungeon Overview and Level Annotations

Branches:
Dungeon (5/15)             Temple (0/1) D:5

Altars:

Shops:
D:3 (


Innate Abilities, Weirdness & Mutations

You are completely covered in rugged brown scales. (AC +3, +7% HP)
Armour fits poorly on your strangely shaped body.
You have a long armoured tail.
You roll when moving toward enemies. (Rampage)
Your long tongue fully drains potion bottles. (2x potion effects)
Your tongue gives you trouble enunciating. (1.5x scroll delay)


Message History

You barely miss the jelly.
The jelly is severely wounded.
The jelly closely misses you. The black bear bites you.
The black bear claws you. x2
* * * LOW HITPOINT WARNING * * *
You slash the jelly!
You kill the jelly!
Trog accepts your kill. The black bear bites you.
* * * LOW HITPOINT WARNING * * *
The black bear misses you. The black bear closely misses you.
You barely miss the black bear. You tail-slap the black bear.
The black bear is moderately wounded.
The black bear closely misses you. The black bear claws you.
* * * LOW HITPOINT WARNING * * *
The black bear barely misses you.
You barely miss the black bear.
The black bear is moderately wounded.
You slash the black bear!
The black bear is heavily wounded.
The black bear misses you. The black bear claws you.
* * * LOW HITPOINT WARNING * * *
The black bear claws you.
* * * LOW HITPOINT WARNING * * *
You hit the black bear.
The black bear is heavily wounded.
The black bear bites you!
* * * LOW HITPOINT WARNING * * *
The black bear claws you.
* * * LOW HITPOINT WARNING * * *
The black bear claws you.
* * * LOW HITPOINT WARNING * * *
You barely miss the black bear.
The black bear is heavily wounded.
You hit the black bear. You tail-slap the black bear.
The black bear is severely wounded.
The black bear bites you!
* * * LOW HITPOINT WARNING * * *
The black bear claws you.
You die...

......##..####.#
...
..........#<....#
...........⌠8..
##............. #
#........>.⌠8..
##.#....<.........
..............⌠8..
..........h.......
........)#@......#
.........#.....#.#
#.....?...#.##.[..
#...........# ...
..............# #.
#.......).....#
#............##
..#...........#
###..#.#..##.##


You could see a black bear.

Vanquished Creatures
  Sigmund (D:3)
  Menkaure (D:4)
  An ice beast (D:5)
  An ogre (D:5)
  A centaur (D:5)
  2 phantoms (D:5)
  A wyvern zombie (D:5)
  A scorpion (D:5)
  3 water moccasin zombies (D:5)
  A jelly (D:5)
  A gnoll bouda (D:5)
  3 hounds
  Ijyb (D:3)
  An orc wizard (D:5)
  A hound zombie (D:5)
  Robin (D:3)
  4 gnolls
  6 adders
  A howler monkey skeleton (D:5)
  An ufetubus (D:5)
  4 worms
  A dart slug (D:1)
  3 orcs (D:4)
  4 bats
  4 endoplasms
  A giant cockroach (D:4)
  12 goblins
  6 hobgoblins
  A jackal (D:5)
  5 quokkas
  12 ball pythons
  A frilled lizard (D:2)
  8 kobolds
  7 rats
102 creatures vanquished.

Notes
Turn   | Place    | Note
-------+----------+-------------------------------------------
     0 | D:1      | boopmooplesden the Armataur Berserker began the quest for
                  | the Orb.
     0 | D:1      | Reached XP level 1. HP: 19/19 MP: 1/1
   190 | D:1      | Reached XP level 2. HP: 20/26 MP: 2/2
   498 | D:1      | Reached skill level 3 in Long Blades
   558 | D:1      | Reached ** piety under Trog
   635 | D:1      | Found a faded altar of an unknown god.
   955 | D:2      | Reached XP level 3. HP: 28/33 MP: 3/3
  1656 | D:3      | Noticed Sigmund
  1667 | D:3      | Killed Sigmund
  1668 | D:3      | Reached skill level 4 in Long Blades
  1668 | D:3      | Reached XP level 4. HP: 42/42 MP: 4/4
  1668 | D:3      | Reached XP level 5. HP: 49/49 MP: 5/5
  1918 | D:3      | Noticed Ijyb
  1923 | D:3      | Killed Ijyb
  1958 | D:3      | Found Kapeu's Antique Weapon Emporium.
  2101 | D:3      | Noticed Robin
  2110 | D:3      | Killed Robin
  2111 | D:3      | Reached skill level 1 in Stealth
  2116 | D:3      | Reached XP level 6. HP: 55/55 MP: 6/6
  2495 | D:4      | Noticed Menkaure
  2501 | D:4      | Killed Menkaure
  2502 | D:4      | Reached skill level 5 in Long Blades
  2968 | D:5      | Entered Level 5 of the Dungeon
  2968 | D:5      | Found a staircase to the Ecumenical Temple.
  3011 | D:5      | Reached XP level 7. HP: 39/63 MP: 7/7
  3162 | D:5      | Reached *** piety under Trog
  3171 | D:5      | Reached skill level 6 in Long Blades
  3175 | D:5      | Reached skill level 5 in Armour
  3190 | D:5      | Reached XP level 8. HP: 71/71 MP: 8/8
  3329 | D:5      | Reached skill level 7 in Long Blades
  3389 | D:5      | HP: 4/106 [black bear (7)]
  3389 | D:5      | Slain by a black bear

Illustrated notes

Levels and vault maps discovered:
D:1:      lemuel_arrival_behind_the_door_large, layout_loops_ring,
          basic_ecumenical_altar
D:2:      layout_loops_ring
D:3:      layout_basic, serial_shops, nicolae_diamond_shop,
          cheibrodos_gnoll_hut, uniq_robin, uniq_sigmund, uniq_ijyb
D:4:      layout_cave_pools, nicolae_wormholes, uniq_menkaure
D:5:      layout_cave_pools, minmay_temple_entry_drinking_statues,
          serial_undead, serial_undead_c, serial_undead_b, serial_undead_c,
          serial_undead_b, serial_undead_f, serial_undead_e, serial_undead_c,
          serial_undead_f, minmay_circle_x

Skill      XL: |  1  2  3  4  5  6  7  8 |
---------------+-------------------------+-----
Fighting       | 3 4 |  4.8
Long Blades    | 3 4 5 6 7 |  7.1
Armour         | 3 4 5 6 |  6.2
Dodging        | 2 |  2.6
Stealth        | 1 |  1.6

Action                     |  1- 3 |  4- 6 |  7- 9 || total
---------------------------+-------+-------+-------++-------
  Melee: Falchion          |   131 |   120 |   100 ||   351
         Tailslap          |     8 |     9 |    18 ||    35
         Punch             |     2 |     3 |       ||     5
 Invoke: Berserk           |     1 |     5 |     3 ||     9
         Trog's Hand       |       |       |     1 ||     1
    Use: Scroll            |     3 |     1 |     1 ||     5
 Armour: Animal skin       |    32 |       |       ||    32
         Ring mail         |    37 |    42 |    65 ||   144
  Dodge: Dodged            |    60 |    54 |    65 ||   179
